 Dungeon Crawl Stone Soup version 0.31.0-1-g2c135a008e (webtiles) character file.

Game seed: 9577780895038545616

2 qw the Shooter (level 1, -21/18 HPs)
             Began as a Djinni Hunter on Jan 23, 2024.
             Demolished by a chaos spawn (25 damage)
             ... on level 1 of the Abyss.
             The game lasted 00:00:00 (221 turns).

qw the Shooter (Djinni Hunter)                       Turns: 221, Time: 00:00:00

Health: -21/18     AC:  3    Str: 10    XL:     1   Next: 44%
Gold:   4          EV: 12    Int: 10    God:
                   SH:  0    Dex: 16

rFire   + + .        a - +0 shortbow
rCold   x . .        (shield currently unavailable)
rNeg    . . .        c - +0 leather armour
rPois   inf          (no helmet)
rElec   .            (no cloak)
rCorr   .            (no gloves)
SInv    .            (boots unavailable)
Will    .....        (no amulet)
Stlth   +            (no ring)
HPRegen 0.23/turn    (no ring)
MPRegen 0.00/turn

%: infuse magic (-22 HP)
@: flying
A: sickness immunity, fire resistance 2, cold vulnerability 1, float, innate
caster, HP casting, extra vitality 1
a: no special abilities


You were on level 1 of the Abyss.
You visited 1 branch of the dungeon, and saw 1 of its levels.
You visited the Abyss 1 time.

You collected 4 gold pieces.


Innate Abilities, Weirdness & Mutations

You are immune to sickness and miasma.
You are immune to poison.
Your flesh is very heat resistant. (rF++)
You are vulnerable to cold. (rC-)
You float through the air rather than walking.
You learn spells naturally, not from books.
Your magical power is your life essence.
You have superior vitality. (+4 MHP)


   Skills:
 - Level 2.0 Fighting
 + Level 3.4 Ranged Weapons
 - Level 2.1 Dodging
 - Level 0.7 Stealth You didn't know any spells. Your spell library was empty.

Inventory:

Hand Weapons
 a - a +0 shortbow (weapon)
Armour
 c - a +0 leather armour (worn)
Scrolls
 b - a scroll of butterflies
 e - a scroll of fog {unknown}
Potions
 d - 2 potions of mutation {unknown}

Dungeon Overview and Level Annotations

Branches:
Dungeon (1/15)

Altars:


Message History

Space warps around you.
You shoot an arrow.
The arrow hits the gnoll but does no damage.
The gnoll hits you with a +2 whip of distortion.
You are cast into the Abyss!
To return, you must find a gate leading back.
Killing monsters will force the Abyss to allow you passage.
This branch contains the abyssal rune of Zot.
Waypoint 1 assigned to Abyss:1.
You start resting.
A chaos spawn comes into view.
You shoot an arrow. The chaos spawn bellows!
The arrow hits the chaos spawn.
The chaos spawn is lightly wounded.
You shoot an arrow. The arrow hits the chaos spawn.
The chaos spawn is moderately wounded.
You shoot an arrow.
The arrow closely misses the chaos spawn.
You shoot an arrow.
The arrow closely misses the chaos spawn.
You shoot an arrow. The arrow hits the chaos spawn!
The chaos spawn is heavily wounded.
You shoot an arrow.
The arrow closely misses the chaos spawn.
The chaos spawn misses you.
You shoot an arrow.
The arrow closely misses the chaos spawn.
The chaos spawn tentacle-slaps you. The chaos spawn shocks you!
The chaos spawn misses you.
You shoot an arrow.
The arrow hits the chaos spawn but does no damage.
The chaos spawn is heavily wounded.
The chaos spawn barely misses you.
You shoot an arrow. The arrow hits the chaos spawn.
The chaos spawn is severely wounded.
The chaos spawn gores you. The chaos spawn freezes you!!
You feel a terrible chill!
Ouch! That really hurt!
You die...

#. ##. .. .. #.
#.
..##.#.#####...
.#.....@4......
..#########....
# .


You could see a chaos spawn.

Vanquished Creatures
  A ball python (D:1)
  A frilled lizard (D:1)
  A rat (D:1)
3 creatures vanquished.

Notes
Turn   | Place    | Note
-------+----------+-------------------------------------------
     0 | D:1      | qw the Djinni Hunter began the quest for the Orb.
     0 | D:1      | Reached XP level 1. HP: 18/18 MP: 0/0
     0 | D:1      | 0 ||| qw: Version: 0.3-a-134-g2ba4250
     0 | D:1      | 0 ||| qw: Game counter: 685
     0 | D:1      | 0 ||| qw: Melee chars always use a shield: true
     0 | D:1      | 0 ||| qw: God list: Okawaru
     0 | D:1      | 0 ||| qw: Allow faded altars: false
     0 | D:1      | 0 ||| qw: Do Orc after clearing Dungeon:15 true
     0 | D:1      | 0 ||| qw: Do second Lair branch before Depths: true
     0 | D:1      | 0 ||| qw: Lair rune preference: random
     0 | D:1      | 0 ||| qw: Goals: Normal
     0 | D:1      | 0 ||| PLANNING D:1-11
   156 | D:1      | HP: 3/18 [gnoll/+2 whip of distortion (4)]
   156 | Abyss:1  | Cast into level 1 of the Abyss (gnoll)
   212 | Abyss:1  | Noticed a chaos spawn
   219 | Abyss:1  | HP: 4/18 [chaos spawn (8)]
   221 | Abyss:1  | Demolished by a chaos spawn

Levels and vault maps discovered:
D:1:      heliophobic_arrival_dark_side_of_the_moon, layout_loops_ring,
          nicolae_eternal_life
Abyss:1:  base:
Temple

Action                     || total
---------------------------++-------
   Fire: Shortbow          ||    20
 Armour: Leather armour    ||     4
  Dodge: Dodged            ||     3

Table legend:
 A = Non-vault XP
 B = Vault XP
 C = Vault XP percentage of total XP
 D = Non-vault monster count
 E = Vault monster count
 F = Vault count percentage of total count
                 A         B        C        D         E       F
            +---------+---------+-------+---------+---------+-------
      Total |       4 |       0 |   0.0 |       3 |       0 |   0.0
            +---------+---------+-------+---------+---------+-------
        D:1 |       4 |       0 |   0.0 |       3 |       0 |   0.0
            +---------+---------+-------+---------+---------+-------
